 Dungeon Crawl Stone Soup version 0.25-a0-589-g1e14c549ee (webtiles) character file.

Game seed: 9505021351568223056, levelgen mode: deterministic

143 juliaBrune the Chopper (level 5, 0/41 HPs)
             Began as a Formicid Fighter on Mar 11, 2020.
             Slain by a gnoll
             ... wielding a +0 whip
              (1 damage)
             ... on level 2 of the Dungeon.
             The game lasted 00:05:59 (2599 turns).

juliaBrune the Chopper (Formicid Fighter)           Turns: 2599, Time: 00:05:59

Health: 0/41       AC:  6    Str: 20    XL:     5   Next: 50%
Magic:  5/5        EV:  8    Int:  8    God:
Gold:   85         SH:  9    Dex: 11    Spells: 4/4 levels left

rFire    . . .     SeeInvis +   a - +0 war axe
rCold    . . .     Gourm    .   c - +0 kite shield
rNeg     . . .     Faith    .   b - +0 scale mail
rPois    .         Spirit   .   (helmet unavailable)
rElec    .         Reflect  .   (no cloak)
rCorr    .         Harm     .   (no gloves)
MR       .....                  (no boots)
Stlth    ..........             (no amulet)
HPRegen  0.13/turn              k - +1 ring of evasion
MPRegen  0.09/turn              (no ring)

@: no status effects
A: permanent stasis, dig shafts and tunnels, four strong arms, antennae 3
a: Dig, Shaft Self


You were on level 2 of the Dungeon.
You were hungry.

You visited 1 branch of the dungeon, and saw 3 of its levels.

You collected 85 gold pieces.

Inventory:

Hand Weapons
 a - a +0 war axe (weapon)
 m - a +3 whip
 o - a +2 dagger of freezing
Armour
 b - a +0 scale mail (worn)
 c - a +0 kite shield (worn)
Jewellery
 k - a +1 ring of evasion (left hand)
Scrolls
 e - a scroll of teleportation {unknown}
 j - a scroll of magic mapping {unknown}
 l - a scroll of random uselessness {unknown}
 n - 2 scrolls of identify
Potions
 d - a potion of might
 g - a potion of lignification
 i - 3 potions of curing
Comestibles
 f - 7 rations
 h - 3 chunks of flesh


   Skills:
 - Level 3.2 Fighting
 * Level 5.3 Axes
 - Level 3.2 Armour
 - Level 3.6 Shields


You had 4 spell levels left.
You didn't know any spells.
Your spell library was empty.

Dungeon Overview and Level Annotations

Branches:
Dungeon (3/15)

Altars:
Dithmenos
Xom


Innate Abilities, Weirdness & Mutations

You cannot be hasted, slowed, berserked, paralysed or teleported.
You can dig through walls and to a lower floor.
Your four strong arms can wield two-handed weapons with a shield.
You have a pair of large antennae on your head. (SInv)


Message History

* * * LOW HITPOINT WARNING * * *
The gnoll hits you with a +0 whip.
* * * LOW HITPOINT WARNING * * *
You hit the gnoll.
The gnoll is lightly wounded.
The gnoll closely misses you.
You slash the gnoll!
The gnoll is almost dead.
The gnoll hits you but does no damage.
You hit the gnoll but do no damage.
The gnoll is almost dead.
The gnoll hits you with a +0 whip.
* * * LOW HITPOINT WARNING * * *
Your shield and scale mail prevent you from hitting the gnoll.
The gnoll is almost dead.
You block the gnoll's attack. The gnoll hits you but does no damage.
You barely miss the gnoll.
The gnoll is almost dead.
The gnoll hits you with a +0 whip.
You die...

..#...# #...#.###...........##
#...#####.........##........#
#...........#.#####.........#
...........##...###.#########
............###..##.#
##..........# ##.#(.# ########
#......>...####..(### #......#
#...............#(..#####......#
##...........###@g(.....##......#
...........#..#...(#............#
...........##......#####........#
≈≈≈≈.≈≈≈≈..##.....)[# #........#
≈≈≈≈.≈≈≈≈.###.......# ###......#
≈≈≈≈.≈≈≈≈.# #.......# #......#
≈≈≈≈.≈≈≈≈.# ##.....## #......#
.....≈≈≈≈.# #(......# #......#
≈≈≈.......# #.......# ########


You could see a gnoll.

Vanquished Creatures
  A worker ant (D:2)
  2 gnolls (D:3)
  5 adders (D:2)
  A worm (D:2)
  A dart slug (D:1)
  2 leopard geckos
  4 giant cockroaches
  4 goblins
  4 hobgoblins
  3 jackals (D:3)
  7 kobolds
  3 quokkas (D:2)
  A bat (D:1)
  11 frilled lizards
  5 rats
54 creatures vanquished.

Notes
Turn   | Place    | Note
-------+----------+-------------------------------------------
     0 | D:1      | juliaBrune the Formicid Fighter began the quest for the
                  | Orb.
     0 | D:1      | Reached XP level 1. HP: 18/18 MP: 1/1
   109 | D:1      | Reached XP level 2. HP: 18/24 MP: 2/2
   273 | D:1      | Reached skill level 3 in Axes
   503 | D:1      | Reached XP level 3. HP: 23/29 MP: 3/3
  1302 | D:2      | Reached skill level 4 in Axes
  1302 | D:2      | Reached XP level 4. HP: 35/35 MP: 4/4
  1947 | D:2      | Found a shadowy altar of Dithmenos.
  2008 | D:2      | Reached XP level 5. HP: 39/41 MP: 5/5
  2193 | D:2      | Reached skill level 5 in Axes
  2524 | D:3      | Found a shimmering altar of Xom.
  2597 | D:2      | HP: 1/41 [gnoll/+0 whip (6)]
  2599 | D:2      | Slain by a gnoll

Levels and vault maps discovered:
D:1:      dpeg_arrival_tiny_j, layout_basic, serial_forest,
          infiniplex_forest_end_2, infiniplex_forest_lined_2,
          infiniplex_forest_diagonal, infiniplex_forest_clump_medium,
          infiniplex_forest_clump_small, infiniplex_forest_corner_2,
          infiniplex_forest_diagonal, infiniplex_forest_straight_3,
          chequers_garden, minmay_lizard_pond
D:2:      layout_rooms, minivault_4, minivault_14,
          nicolae_dithmenos_through_a_glass_darkly
D:3:      layout_basic, first_ration, minivault_24, lemuel_altar_in_water

Skill      XL: |  1  2  3  4  5 |
---------------+----------------+-----
Axes           | 3 4 5 |  5.3
Fighting       | |  3.2
Armour         | |  3.2
Shields        | |  3.6

Action                   |  1- 3 |  4- 6 || total
-------------------------+-------+-------++-------
Melee: War axe           |    98 |   120 ||   218
 Abil: Dig               |       |     2 ||     2
  Use: Scroll            |     4 |       ||     4
  Eat: Chunk             |     1 |     4 ||     5
Armor: Scale mail        |    48 |    36 ||    84
Dodge: Dodged            |    42 |    45 ||    87
Block: Kite shield       |    55 |    72 ||   127

Table legend:
 A = Non-vault XP
 B = Vault XP
 C = Vault XP percentage of total XP
 D = Non-vault monster count
 E = Vault monster count
 F = Vault count percentage of total count
                 A         B        C        D         E       F
            +---------+---------+-------+---------+---------+-------
      Total |     198 |       7 |   3.4 |      47 |       7 |  13.0
            +---------+---------+-------+---------+---------+-------
        D:1 |      30 |       7 |  18.9 |      18 |       7 |  28.0
        D:2 |     128 |       0 |   0.0 |      21 |       0 |   0.0
        D:3 |      40 |       0 |   0.0 |       8 |       0 |   0.0
            +---------+---------+-------+---------+---------+-------
